Match 40936567
Unlisted

Match 40936567
End
Construct Infanterie Kompanie
Kettenkrad Recon Vehicle
Grenadier Squad
Grenadier Squad
MG 42 Machine Gun Team
Construct Panzergrenadier Kompanie
251 Medium Carrier
Pak 40 Anti-tank Gun Team
Infanterie Officer Quarters
Panzergrenadier Officer Quarters
Selects Mechanized Battlegroup
Selects Raid Package
Selects StuG Assault Group
StuG Assault Group
Pioneer Squad
MG 42 Machine Gun Team
Construct Panzer Kompanie
Selects UNKNOWN (2160084)
Stoßtruppen Squad
Selects Spotting Scopes
Panzer IV Medium Tank
Selects Stoßtruppen Assault Package
Selects Zeroing Artillery Barrage
Panzer IV Medium Tank
Pioneer Squad
Side Skirts
MG 42 Bunker
251 Medium Carrier
Zeroing Artillery Barrage
Daniel
SpoSadiK
Fitzgerald93
Pob
Pob
Pob
0
0

Comments sign in to comment!

No comments posted yet!